Workbook

Sheet BBB standards
A1: BBB Standard
A2: #8 "Program Expenses - spend at least 65% of its total expenses on program activities" | B2: FY | C2: Program exp | D2: Total Expenses | E2: % | F2: GOAL %
B3: 2017 | C3: ='2021 FinResults in compile form'!J17 -> 233125 | D3: ='2021 FinResults in compile form'!J20 -> 381185 | E3: =C3/D3 -> 0.61157968 | F3: >65%
B4: 2018 | C4: ='2021 FinResults in compile form'!I17 -> 258692 | D4: ='2021 FinResults in compile form'!I20 -> 432289 | E4: =C4/D4 -> 0.59842374 | F4: >65%
B5: 2019 (est) | C5: ='2021 FinResults in compile form'!H17 -> 241021 | D5: ='2021 FinResults in compile form'!H20 -> 379324 | E5: =C5/D5 -> 0.63539613 | F5: >65%
B6: 2020 | C6: 231146 | D6: 349284 | E6: =C6/D6 -> 0.66177094 | F6: >65%
B7: 2021 compiled | C7: 377620 | D7: 484663 | E7: =C7/D7 -> 0.77913932 | F7: >65%
B8: 2022 compiled | C8: ='2022 FinResults in compile '!E17 -> 402325 | D8: ='2022 FinResults in compile '!E20 -> 509339 | E8: =C8/D8 -> 0.78989632 | F8: >65%
A11: #9 "Fundraising - spend no more than 35% of related contributions on fundraising [related contributions included donations, legacies, and other gifts received as a result of fundraising efforts]" | C11: Total f/r expenses | D11: Total Related Contributions | E11: % | F11: GOAL %
C12: 139785 | E12: 224063 | F12: 0.35
B13: 2017 | C13: ='2021 FinResults in compile form'!J19 -> 116091 | D13: ='2021 FinResults in compile form'!J14-'2021 FinResults in compile form'!J12-'2021 FinResults in compile form'!J6 -> 284884 | E13: =C13/D13 -> 0.4075027 | F13: < 35%
B14: 2018 | C14: ='2021 FinResults in compile form'!I19 -> 139785 | D14: ='2021 FinResults in compile form'!I14-'2021 FinResults in compile form'!I12-'2021 FinResults in compile form'!I6 -> 325139 | E14: =C14/D14 -> 0.42992382 | F14: < 35%
A15: Related contributions for WWA: | B15: 2019 | C15: ='2021 FinResults in compile form'!H19 -> 105613 | D15: ='2021 FinResults in compile form'!H14-'2021 FinResults in compile form'!H12-'2021 FinResults in compile form'!H6 -> 263785 | E15: =C15/D15 -> 0.40037531 | F15: < 35%
A16: - | B16: 2020 | C16: 95628 | D16: 349284 | E16: =C16/D16 -> 0.27378294 | F16: < 35%
B17: =B7 -> 2021 compiled | C17: 81359 | D17: ='2021 FinResults in compile form'!F14-'2021 FinResults in compile form'!F12-'2021 FinResults in compile form'!F6-'2021 FinResults in compile form'!F5 -> 379496 | E17: =C17/D17 -> 0.21438698 | F17: < 35%
B18: 2022 compiled | C18: ='2022 FinResults in compile '!E19 -> 79091 | D18: ='2022 FinResults in compile '!E14-'2022 FinResults in compile '!E12-'2022 FinResults in compile '!E6-'2022 FinResults in compile '!E5 -> 390136 | E18: =C18/D18 -> 0.20272674 | F18: < 35%
A19: Alternatives #1 | B19: 2018 | E19: =224063+62547 -> 286610 | F19: < 35%
A20: Alternatives #2 | B20: 2108 | E20: 625403 | F20: < 35%
A31: Graphic
A32: Expenditure

Sheet 2022 FinResults in compile 
A1: WWA Statement of Activities | E1: 2022 | F1: 2021 | G1: 2020 | H1: 2019 | I1: 2018 | J1: 2017
G2: Year-end Resuts | H2: Year-end Resuts | I2: Compiled | J2: Compiled
B3: Revenue, Support, and Gains (Losses) | E3: prelim | F3: compiled | G3: compiled | H3: per IRS Form 990 | I3: compiled, per 990 | J3: compiled, per 990 | L3: From 2019 990
C4: Contributions | E4: 55091 | F4: 30719 | G4: 65408 | H4: =M4 -> 52238 | I4: 62547 | J4: 62943 | L4: All other cont | M4: 52238
C5: Gain on extinguishment of PPP debt | E5: 0 | F5: 50385 | G5: 0
C6: Grants and other Program Service Fees | E6: 209557 | F6: 245239 | G6: 102254 | H6: =M15 -> 112207 | I6: 123225 | J6: 88477 | L6: Events | M6: 197941
C7: EXPO Revenue | E7: 59046 | F7: 34735 | G7: 0
C8: Event Revenue (Net) | E8: =E9+E10 -> 243665 | F8: =F9+F10 -> 284578 | G8: =G9+G10 -> 219055 | H8: =M6 -> 197941 | I8: =I9+I10 -> 224063 | J8: =J9+J10 -> 190148 | L8: Sales | M8: 3201
D9: Gross Event Revenue | E9: 547966 | F9: 538675 | G9: 527754 | H9: 600560 | I9: 625403 | J9: 565696
D10: Less cost of Direct benefits to Donors | E10: -304301 | F10: -254097 | G10: -308699 | H10: =-('2019 P&L'!E20+'2019 P&L'!E21+'2019 P&L'!E22) -> -397119 | I10: -401340 | J10: -375548
C11: Other Revenue | E11: 32334 | F11: 29464 | G11: 25030 | H11: =M11+M12+M14+M8 -> 13606 | I11: 38529 | J11: 31793 | L11: Investment | M11: 64
C12: Endowment growth - interest | E12: 1402 | F12: 10104 | G12: 3040 | H12: 3987 | I12: -2467 | J12: 2695 | L12: Mbrship | M12: 10070
D13: Held by Community Foundation
C14: Total Revenues, Support, and Gains (losses) | E14: =E4+E5+E6+E7+E8+E11+E12 -> 601095 | F14: =F4+F5+F6+F7+F8+F11+F12 -> 685224 | G14: =G4+G6+G8+G11+G12 -> 414787 | H14: =H4+H6+H8+H11+H12 -> 379979 | I14: =I4+I6+I8+I11+I12 -> 445897 | J14: =J4+J6+J8+J11+J12 -> 376056 | L14: Misc | M14: 271
L15: Habitat | M15: 112207
B16: Expenses | L16: total rev | M16: =SUM(M4:M15) -> 375992
C17: Program Services: | D17: Habitat Restoration, Education, Advocacy and Member Benefits | E17: 402325 | F17: 377620 | G17: 230591 | H17: =M18 -> 241021 | I17: 258692 | J17: 233125
C18: Management, General Admin | E18: 27923 | F18: 25684 | G18: 24945 | H18: =M20 -> 32690 | I18: 33812 | J18: 31969 | L18: Restorations | M18: 241021
C19: Fundraising | E19: 79091 | F19: 81359 | G19: 72535 | H19: =M19 -> 105613 | I19: 139785 | J19: 116091 | L19: Fundraising | M19: 105613
C20: Total Expenses | E20: =E17+E18+E19 -> 509339 | F20: =F17+F18+F19 -> 484663 | G20: =G17+G18+G19 -> 328071 | H20: =H17+H18+H19 -> 379324 | I20: =I17+I18+I19 -> 432289 | J20: =J17+J18+J19 -> 381185 | L20: Admin | M20: 32690
M21: =SUM(M18:M20) -> 379324
B22: Change in Net Assets | E22: =E14-E20 -> 91756 | F22: =F14-F20 -> 200561 | G22: =G14-G20 -> 86716 | H22: =H14-H20 -> 655 | I22: =I14-I20 -> 13608 | J22: =J14-J20 -> -5129
B24: Net Assets - Beginning of Year | F24: =G26 -> 353927 | G24: 267211 | H24: 267211 | I24: =J26 -> 256934 | J24: 262063
B26: NET ASSETS, END OF YEAR | F26: =F22+F24 -> 554488 | G26: =G22+G24 -> 353927 | H26: =H22+H24 -> 267866 | I26: =I22+I24 -> 270542 | J26: =J22+J24 -> 256934
D31: a | G31: ﬁ
D32: b
D33: c
A53: DOLLAR BILL GRAPHIC
B54: Expenditure | C54: % | D54: $
B55: Program services | C55: =D55/D58 -> 0.78989632 | D55: =E17 -> 402325
B56: Fundraising | C56: =D56/D58 -> 0.15528165 | D56: =E19 -> 79091
B57: Management & Administration | C57: =D57/D58 -> 0.054822034 | D57: =E18 -> 27923
B58: total | C58: =SUM(C55:C57) -> 1 | D58: =SUM(D55:D57) -> 509339
B62: Name | C62: Value
B63: Dollar | C63: 1

Sheet 2021 FinResults in compile form
A1: WWA Statement of Activities | E1: 2022 | F1: 2021 | G1: 2020 | H1: 2019 | I1: 2018 | J1: 2017
G2: Year-end Resuts | H2: Year-end Resuts | I2: Compiled | J2: Compiled
B3: Revenue, Support, and Gains (Losses) | E3: prelim | F3: compiled | G3: compiled | H3: per IRS Form 990 | I3: compiled, per 990 | J3: compiled, per 990 | L3: From 2019 990
C4: Contributions | E4: 55091 | F4: 30719 | G4: 65408 | H4: =M4 -> 52238 | I4: 62547 | J4: 62943 | L4: All other cont | M4: 52238
C5: Gain on extinguishment of PPP debt | E5: 0 | F5: 50385 | G5: 0
C6: Grants and other Program Service Fees | E6: 209557 | F6: 245239 | G6: 102254 | H6: =M15 -> 112207 | I6: 123225 | J6: 88477 | L6: Events | M6: 197941
C7: EXPO Revenue | E7: 59046 | F7: 34735 | G7: 0
C8: Event Revenue (Net) | E8: =E9+E10 -> 243665 | F8: =F9+F10 -> 284578 | G8: =G9+G10 -> 219055 | H8: =M6 -> 197941 | I8: =I9+I10 -> 224063 | J8: =J9+J10 -> 190148 | L8: Sales | M8: 3201
D9: Gross Event Revenue | E9: 547966 | F9: 538675 | G9: 527754 | H9: 600560 | I9: 625403 | J9: 565696
D10: Less cost of Direct benefits to Donors | E10: -304301 | F10: -254097 | G10: -308699 | H10: =-('2019 P&L'!E20+'2019 P&L'!E21+'2019 P&L'!E22) -> -397119 | I10: -401340 | J10: -375548
C11: Other Revenue | E11: 32334 | F11: 29464 | G11: 25030 | H11: =M11+M12+M14+M8 -> 13606 | I11: 38529 | J11: 31793 | L11: Investment | M11: 64
C12: Endowment growth - interest | E12: 1402 | F12: 10104 | G12: 3040 | H12: 3987 | I12: -2467 | J12: 2695 | L12: Mbrship | M12: 10070
D13: Held by Community Foundation
C14: Total Revenues, Support, and Gains (losses) | E14: =E4+E5+E6+E7+E8+E11+E12 -> 601095 | F14: =F4+F5+F6+F7+F8+F11+F12 -> 685224 | G14: =G4+G6+G8+G11+G12 -> 414787 | H14: =H4+H6+H8+H11+H12 -> 379979 | I14: =I4+I6+I8+I11+I12 -> 445897 | J14: =J4+J6+J8+J11+J12 -> 376056 | L14: Misc | M14: 271
L15: Habitat | M15: 112207
B16: Expenses | L16: total rev | M16: =SUM(M4:M15) -> 375992
C17: Program Services: | D17: Habitat Restoration, Education, Advocacy and Member Benefits | E17: 402325 | F17: 377620 | G17: 230591 | H17: =M18 -> 241021 | I17: 258692 | J17: 233125
C18: Management, General Admin | E18: 27923 | F18: 25684 | G18: 24945 | H18: =M20 -> 32690 | I18: 33812 | J18: 31969 | L18: Restorations | M18: 241021
C19: Fundraising | E19: 79091 | F19: 81359 | G19: 72535 | H19: =M19 -> 105613 | I19: 139785 | J19: 116091 | L19: Fundraising | M19: 105613
C20: Total Expenses | E20: =E17+E18+E19 -> 509339 | F20: =F17+F18+F19 -> 484663 | G20: =G17+G18+G19 -> 328071 | H20: =H17+H18+H19 -> 379324 | I20: =I17+I18+I19 -> 432289 | J20: =J17+J18+J19 -> 381185 | L20: Admin | M20: 32690
M21: =SUM(M18:M20) -> 379324
B22: Change in Net Assets | E22: =E14-E20 -> 91756 | F22: =F14-F20 -> 200561 | G22: =G14-G20 -> 86716 | H22: =H14-H20 -> 655 | I22: =I14-I20 -> 13608 | J22: =J14-J20 -> -5129
B24: Net Assets - Beginning of Year | F24: =G26 -> 353927 | G24: 267211 | H24: 267211 | I24: =J26 -> 256934 | J24: 262063
B26: NET ASSETS, END OF YEAR | F26: =F22+F24 -> 554488 | G26: =G22+G24 -> 353927 | H26: =H22+H24 -> 267866 | I26: =I22+I24 -> 270542 | J26: =J22+J24 -> 256934
D31: a | G31: ﬁ
D32: b
D33: c
A53: DOLLAR BILL GRAPHIC
B54: Expenditure | C54: % | D54: $
B55: Program services | C55: =D55/D58 -> 0.77913932 | D55: =F17 -> 377620
B56: Fundraising | C56: =D56/D58 -> 0.16786716 | D56: =F19 -> 81359
B57: Management & Administration | C57: =D57/D58 -> 0.052993523 | D57: =F18 -> 25684
B58: total | C58: =SUM(C55:C57) -> 1 | D58: =SUM(D55:D57) -> 484663
B62: Name | C62: Value
B63: Dollar | C63: 1

Sheet 2020 P&L
A1: The Wisconsin Waterfowl Association
A2: Income Statement
A3: 44196
A6: Current Month | D6: 44196 | E6: Year-To-Date
A7: Actual | B7: Budget | C7: Variance | E7: Actual | F7: Budget | G7: Variance
D8: Gross Sales
A9: 80280.07 | B9: 23000 | C9: =A9-B9 -> 57280.07 | D9: Chapter event revenue | E9: 445594 | F9: 330000 | G9: =E9-F9 -> 115594
A10: 71932.21 | B10: 57000 | C10: =A10-B10 -> 14932.21 | D10: State event revenue | E10: 102876 | F10: 113435 | G10: =E10-F10 -> -10559
A11: 1255 | B11: 490 | C11: =A11-B11 -> 765 | D11: Membership revenue | E11: 12850 | F11: 9680 | G11: =E11-F11 -> 3170
A12: 0 | B12: 0 | C12: =A12-B12 -> 0 | D12: Sponsor revenue | E12: 0 | F12: 0 | G12: =E12-F12 -> 0
A13: 3338.33 | B13: 4896 | C13: =A13-B13 -> -1557.67 | D13: Restoration revenue | E13: 27799 | F13: 58752 | G13: =E13-F13 -> -30953
A14: 7060.88 | B14: 5000 | C14: =A14-B14 -> 2060.88 | D14: other grant revenue | E14: 103760 | F14: 92900 | G14: =E14-F14 -> 10860
A15: 3278.08 | B15: 0 | C15: =A15-B15 -> 3278.08 | D15: Other | E15: 21544 | F15: 0 | G15: =E15-F15 -> 21544
A17: =SUM(A9:A16) -> 167144.57 | B17: =SUM(B9:B16) -> 90386 | C17: =SUM(C9:C16) -> 76758.57 | D17: Net Sales | E17: =SUM(E9:E16) -> 714423 | F17: =SUM(F9:F16) -> 604767 | G17: =SUM(G9:G16) -> 109656
J18: Total Contributions
D19: Standard Cost of Sales | J19: =E26-E14-E13 -> 171351
A20: 38772.07 | B20: 13800 | C20: =SUM(A20-B20) -> 24972.07 | D20: COS-Chapter event revenue | E20: 236270 | F20: 198000 | G20: =SUM(E20-F20) -> 38270
A21: 51454.4 | B21: 37500 | C21: =SUM(A21-B21) -> 13954.4 | D21: COS-State event revenue | E21: 66640 | F21: 65325 | G21: =SUM(E21-F21) -> 1315
B22: 0 | C22: =SUM(A22-B22) -> 0 | D22: COS-Other | E22: 0 | F22: 0 | G22: =SUM(E22-F22) -> 0
A26: =SUM(A19:A25) -> 90226.47 | B26: =SUM(B19:B25) -> 51300 | C26: =SUM(C20:C25) -> 38926.47 | D26: Total Standard Cost of Sales | E26: =SUM(E20:E25) -> 302910 | F26: =SUM(F20:F25) -> 263325 | G26: =SUM(G20:G25) -> 39585
A28: =A17-A26 -> 76918.1 | B28: =B17-B26 -> 39086 | C28: =C17-C26 -> 37832.1 | D28: Gross Profit | E28: =E17-E26 -> 411513 | F28: =F17-F26 -> 341442 | G28: =G17-G26 -> 70071
D30: Operating Expenses
D31: Development:
A32: 3386.61 | B32: 4249 | C32: =SUM(A32-B32) -> -862.39 | D32: Wages | E32: 42239 | F32: 44324 | G32: =SUM(E32-F32) -> -2085
A33: 0 | B33: 0 | C33: =SUM(A33-B33) -> 0 | D33: Benefits | E33: 0 | F33: 0 | G33: =SUM(E33-F33) -> 0
A34: 0 | B34: 500 | C34: =SUM(A34-B34) -> -500 | D34: Travel | E34: 4539 | F34: 11965 | G34: =SUM(E34-F34) -> -7426
A35: 159.29 | B35: 225 | C35: =SUM(A35-B35) -> -65.71 | D35: Phone | E35: 2026 | F35: 2700 | G35: =SUM(E35-F35) -> -674
A36: 1480.06 | B36: 725 | C36: =SUM(A36-B36) -> 755.06 | D36: Event expenses | E36: 17534 | F36: 18275 | G36: =SUM(E36-F36) -> -741
A37: 121.5 | B37: 45 | C37: =SUM(A37-B37) -> 76.5 | D37: Postage & shipping | E37: 925 | F37: 540 | G37: =SUM(E37-F37) -> 385
A38: 0 | B38: 0 | C38: =SUM(A38-B38) -> 0 | D38: Shows & meetings | E38: 0 | F38: 0 | G38: =SUM(E38-F38) -> 0
A39: 0 | B39: 0 | C39: =SUM(A39-B39) -> 0 | D39: Marketing | E39: 0 | F39: 0 | G39: =SUM(E39-F39) -> 0
A40: 0 | B40: 0 | C40: =SUM(A40-B40) -> 0 | D40: Magazine | E40: 0 | F40: 0 | G40: =SUM(E40-F40) -> 0
A41: 0 | B41: 50 | C41: =SUM(A41-B41) -> -50 | D41: Advertising | E41: 54 | F41: 600 | G41: =SUM(E41-F41) -> -546
A42: 346 | B42: 456 | C42: =SUM(A42-B42) -> -110 | D42: Rent | E42: 4512 | F42: 5472 | G42: =SUM(E42-F42) -> -960
A43: 0 | B43: 0 | C43: =SUM(A43-B43) -> 0 | D43: Other | E43: 1425 | F43: 1185 | G43: =SUM(E43-F43) -> 240
A44: =SUM(A32:A43) -> 5493.46 | B44: =SUM(B32:B43) -> 6250 | C44: =SUM(C32:C43) -> -756.54 | D44: Total | E44: =SUM(E32:E43) -> 73254 | F44: =SUM(F32:F43) -> 85061 | G44: =SUM(G32:G43) -> -11807
D46: Program Services:
A47: 4856 | B47: 3804 | C47: =SUM(A47-B47) -> 1052 | D47: Wages | E47: 57176 | F47: 44432 | G47: =SUM(E47-F47) -> 12744
A48: 313 | B48: 275 | C48: =SUM(A48-B48) -> 38 | D48: Travel | E48: 3189 | F48: 5010 | G48: =SUM(E48-F48) -> -1821
A49: 1127.66 | B49: 375 | C49: =SUM(A49-B49) -> 752.66 | D49: Other | E49: 13646 | F49: 6530 | G49: =SUM(E49-F49) -> 7116
A50: 5138.33 | B50: 6066 | C50: =SUM(A50-B50) -> -927.67 | D50: HRP | E50: 46597 | F50: 72792 | G50: =SUM(E50-F50) -> -26195
A51: 7060.88 | B51: 5000 | C51: =SUM(A51-B51) -> 2060.88 | D51: Other Grants | E51: 104267 | F51: 92900 | G51: =SUM(E51-F51) -> 11367
A52: 50.74 | B52: 350 | C52: =SUM(A52-B52) -> -299.26 | D52: Education | E52: 5041 | F52: 14300 | G52: =SUM(E52-F52) -> -9259
A53: =SUM(A47:A52) -> 18546.61 | B53: =SUM(B47:B52) -> 15870 | C53: =SUM(C47:C52) -> 2676.61 | D53: Total | E53: =SUM(E47:E52) -> 229916 | F53: =SUM(F47:F52) -> 235964 | G53: =SUM(G47:G52) -> -6048
D55: Administration:
A56: 898.87 | B56: 1733 | C56: =SUM(A56-B56) -> -834.13 | D56: Wages | E56: 12778 | F56: 15064 | G56: =SUM(E56-F56) -> -2286
A57: 0 | B57: 0 | C57: =SUM(A57-B57) -> 0 | D57: Benefits | E57: 0 | F57: 0 | G57: =SUM(E57-F57) -> 0
A58: 0 | B58: 10 | C58: =SUM(A58-B58) -> -10 | D58: Travel | E58: 197 | F58: 120 | G58: =SUM(E58-F58) -> 77
A59: 53.6 | B59: 85 | C59: =SUM(A59-B59) -> -31.4 | D59: Phone | E59: 777 | F59: 1020 | G59: =SUM(E59-F59) -> -243
A60: 0 | B60: 0 | C60: =SUM(A60-B60) -> 0 | D60: Rent | E60: 81 | F60: 173 | G60: =SUM(E60-F60) -> -92
A61: 381 | B61: 381 | C61: =SUM(A61-B61) -> 0 | D61: Insurance | E61: 4572 | F61: 4572 | G61: =SUM(E61-F61) -> 0
A62: 33.32 | B62: 35 | C62: =SUM(A62-B62) -> -1.68 | D62: Postage | E62: 520 | F62: 420 | G62: =SUM(E62-F62) -> 100
A63: 0 | B63: 0 | C63: =SUM(A63-B63) -> 0 | D63: Professional fees | E63: 2888 | F63: 4450 | G63: =SUM(E63-F63) -> -1562
A64: 0 | B64: 20 | C64: =SUM(A64-B64) -> -20 | D64: Supplies | E64: 312 | F64: 240 | G64: =SUM(E64-F64) -> 72
A65: -2255.52 | B65: -50 | C65: =SUM(A65-B65) -> -2205.52 | D65: Other | E65: -2754 | F65: -600 | G65: =SUM(E65-F65) -> -2154
A66: =SUM(A56:A65) -> -888.73 | B66: =SUM(B56:B65) -> 2214 | C66: =SUM(C56:C65) -> -3102.73 | D66: Total | E66: =SUM(E56:E65) -> 19371 | F66: =SUM(F56:F65) -> 25459 | G66: =SUM(E66-F66) -> -6088
A67: =A66+A53+A44 -> 23151.34 | B67: =SUM(B44+B53+B66) -> 24334 | C67: =A67-B67 -> -1182.66 | D67: Total Operating Expenses | E67: =E66+E53+E44 -> 322541 | F67: =SUM(F44+F53+F66) -> 346484 | G67: =E67-F67 -> -23943
A70: =A28-A67 -> 53766.76 | B70: =B28-B67 -> 14752 | C70: =C28-C67 -> 39014.76 | D70: Net Income | E70: 87691.07 | F70: =SUM(F28-F67) -> -5042 | G70: =SUM(E70-F70) -> 92733.07

Sheet 2019 P&L
A1: The Wisconsin Waterfowl Association
A2: Income Statement
A3: 43830
A6: Current Month | D6: 43830 | E6: Year-To-Date
A7: Actual | B7: Budget | C7: Variance | E7: Actual | F7: Budget | G7: Variance
D8: Gross Sales
A9: 47942.34 | B9: 27500 | C9: =A9-B9 -> 20442.34 | D9: Chapter event revenue | E9: 518166 | F9: 458750 | G9: =E9-F9 -> 59416
A10: 61945.84 | B10: 57000 | C10: =A10-B10 -> 4945.84 | D10: State event revenue | E10: 82394 | F10: 82435 | G10: =E10-F10 -> -41
A11: 1615 | B11: 250 | C11: =A11-B11 -> 1365 | D11: Membership revenue | E11: 10320 | F11: 6295 | G11: =E11-F11 -> 4025
A12: 0 | B12: 0 | C12: =A12-B12 -> 0 | D12: Sponsor revenue | E12: 0 | F12: 0 | G12: =E12-F12 -> 0
A13: 19737.49 | B13: 4896 | C13: =A13-B13 -> 14841.49 | D13: Restoration revenue | E13: 47957 | F13: 58752 | G13: =E13-F13 -> -10795
A14: 3150.34 | B14: 6000 | C14: =A14-B14 -> -2849.66 | D14: other grant revenue | E14: 95071 | F14: 60500 | G14: =E14-F14 -> 34571
A15: 4360.77 | B15: 1000 | C15: =A15-B15 -> 3360.77 | D15: Other | E15: 16377 | F15: 10475 | G15: =E15-F15 -> 5902
A17: =SUM(A9:A16) -> 138751.78 | B17: =SUM(B9:B16) -> 96646 | C17: =SUM(C9:C16) -> 42105.78 | D17: Net Sales | E17: =SUM(E9:E16) -> 770285 | F17: =SUM(F9:F16) -> 677207 | G17: =SUM(G9:G16) -> 93078
D19: Standard Cost of Sales
A20: 37301.51 | B20: 16500 | C20: =SUM(A20-B20) -> 20801.51 | D20: COS-Chapter event revenue | E20: 341781 | F20: 275250 | G20: =SUM(E20-F20) -> 66531
A21: 44649.5 | B21: 37500 | C21: =SUM(A21-B21) -> 7149.5 | D21: COS-State event revenue | E21: 54703 | F21: 50825 | G21: =SUM(E21-F21) -> 3878
A22: 0 | B22: 0 | C22: =SUM(A22-B22) -> 0 | D22: COS-Other | E22: 635 | F22: 0 | G22: =SUM(E22-F22) -> 635
A26: =SUM(A19:A25) -> 81951.01 | B26: =SUM(B19:B25) -> 54000 | C26: =SUM(C20:C25) -> 27951.01 | D26: Total Standard Cost of Sales | E26: =SUM(E20:E25) -> 397119 | F26: =SUM(F20:F25) -> 326075 | G26: =SUM(G20:G25) -> 71044
A28: =A17-A26 -> 56800.77 | B28: =B17-B26 -> 42646 | C28: =C17-C26 -> 14154.77 | D28: Gross Profit | E28: =E17-E26 -> 373166 | F28: =F17-F26 -> 351132 | G28: =G17-G26 -> 22034
D30: Operating Expenses
D31: Development:
A32: 3321.3 | B32: 4968 | C32: =SUM(A32-B32) -> -1646.7 | D32: Wages | E32: 64800 | F32: 57806 | G32: =SUM(E32-F32) -> 6994
A33: 0 | B33: 0 | C33: =SUM(A33-B33) -> 0 | D33: Benefits | E33: 0 | F33: 0 | G33: =SUM(E33-F33) -> 0
A34: 70.5 | B34: 750 | C34: =SUM(A34-B34) -> -679.5 | D34: Travel | E34: 12124 | F34: 12350 | G34: =SUM(E34-F34) -> -226
A35: 166.95 | B35: 200 | C35: =SUM(A35-B35) -> -33.05 | D35: Phone | E35: 2633 | F35: 2400 | G35: =SUM(E35-F35) -> 233
A36: 2709.17 | B36: 450 | C36: =SUM(A36-B36) -> 2259.17 | D36: Event expenses | E36: 18526 | F36: 19005 | G36: =SUM(E36-F36) -> -479
A37: 79.6 | B37: 50 | C37: =SUM(A37-B37) -> 29.6 | D37: Postage & shipping | E37: 539 | F37: 600 | G37: =SUM(E37-F37) -> -61
A38: 0 | B38: 0 | C38: =SUM(A38-B38) -> 0 | D38: Shows & meetings | E38: 0 | F38: 0 | G38: =SUM(E38-F38) -> 0
A39: 0 | B39: 0 | C39: =SUM(A39-B39) -> 0 | D39: Marketing | E39: 0 | F39: 0 | G39: =SUM(E39-F39) -> 0
A40: 0 | B40: 0 | C40: =SUM(A40-B40) -> 0 | D40: Magazine | E40: 0 | F40: 0 | G40: =SUM(E40-F40) -> 0
A41: 0 | B41: 100 | C41: =SUM(A41-B41) -> -100 | D41: Advertising | E41: 233 | F41: 3110 | G41: =SUM(E41-F41) -> -2877
A42: 437 | B42: 425 | C42: =SUM(A42-B42) -> 12 | D42: Rent | E42: 5433 | F42: 5125 | G42: =SUM(E42-F42) -> 308
A43: 0 | B43: 25 | C43: =SUM(A43-B43) -> -25 | D43: Other | E43: 1239 | F43: 300 | G43: =SUM(E43-F43) -> 939
A44: =SUM(A32:A43) -> 6784.52 | B44: =SUM(B32:B43) -> 6968 | C44: =SUM(C32:C43) -> -183.48 | D44: Total | E44: =SUM(E32:E43) -> 105527 | F44: =SUM(F32:F43) -> 100696 | G44: =SUM(G32:G43) -> 4831
D46: Program Services:
A47: 4625.96 | B47: 2937 | C47: =SUM(A47-B47) -> 1688.96 | D47: Wages | E47: 43901 | F47: 56719 | G47: =SUM(E47-F47) -> -12818
A48: 192.71 | B48: 200 | C48: =SUM(A48-B48) -> -7.29 | D48: Travel | E48: 4768 | F48: 7340 | G48: =SUM(E48-F48) -> -2572
A49: 957.23 | B49: 100 | C49: =SUM(A49-B49) -> 857.23 | D49: Other | E49: 7622 | F49: 4325 | G49: =SUM(E49-F49) -> 3297
A50: 19444.15 | B50: 6066 | C50: =SUM(A50-B50) -> 13378.15 | D50: HRP | E50: 75829 | F50: 72792 | G50: =SUM(E50-F50) -> 3037
A51: 3150.34 | B51: 6000 | C51: =SUM(A51-B51) -> -2849.66 | D51: Other Grants | E51: 95971 | F51: 60500 | G51: =SUM(E51-F51) -> 35471
A52: 962.9 | B52: 100 | C52: =SUM(A52-B52) -> 862.9 | D52: Education | E52: 12827 | F52: 11875 | G52: =SUM(E52-F52) -> 952
A53: =SUM(A47:A52) -> 29333.29 | B53: =SUM(B47:B52) -> 15403 | C53: =SUM(C47:C52) -> 13930.29 | D53: Total | E53: =SUM(E47:E52) -> 240918 | F53: =SUM(F47:F52) -> 213551 | G53: =SUM(G47:G52) -> 27367
D55: Administration:
A56: 1397.84 | B56: 1756 | C56: =SUM(A56-B56) -> -358.16 | D56: Wages | E56: 21451 | F56: 22122 | G56: =SUM(E56-F56) -> -671
A57: 0 | B57: 0 | C57: =SUM(A57-B57) -> 0 | D57: Benefits | E57: 0 | F57: 0 | G57: =SUM(E57-F57) -> 0
A58: 0 | B58: 10 | C58: =SUM(A58-B58) -> -10 | D58: Travel | E58: 30 | F58: 120 | G58: =SUM(E58-F58) -> -90
A59: 80.52 | B59: 125 | C59: =SUM(A59-B59) -> -44.48 | D59: Phone | E59: 984 | F59: 1500 | G59: =SUM(E59-F59) -> -516
A60: 0 | B60: 15 | C60: =SUM(A60-B60) -> -15 | D60: Rent | E60: 123 | F60: 150 | G60: =SUM(E60-F60) -> -27
A61: 381 | B61: 381 | C61: =SUM(A61-B61) -> 0 | D61: Insurance | E61: 4572 | F61: 4572 | G61: =SUM(E61-F61) -> 0
A62: 77.08 | B62: 20 | C62: =SUM(A62-B62) -> 57.08 | D62: Postage | E62: 387 | F62: 240 | G62: =SUM(E62-F62) -> 147
A63: 0 | B63: 0 | C63: =SUM(A63-B63) -> 0 | D63: Professional fees | E63: 4850 | F63: 4225 | G63: =SUM(E63-F63) -> 625
A64: 69.7 | B64: 75 | C64: =SUM(A64-B64) -> -5.3 | D64: Supplies | E64: 270 | F64: 900 | G64: =SUM(E64-F64) -> -630
A65: -742.73 | B65: 500 | C65: =SUM(A65-B65) -> -1242.73 | D65: Other | E65: -2918 | F65: 2285 | G65: =SUM(E65-F65) -> -5203
A66: =SUM(A56:A65) -> 1263.41 | B66: =SUM(B56:B65) -> 2882 | C66: =SUM(C56:C65) -> -1618.59 | D66: Total | E66: =SUM(E56:E65) -> 29749 | F66: =SUM(F56:F65) -> 36114 | G66: =SUM(E66-F66) -> -6365
A67: =A66+A53+A44 -> 37381.22 | B67: =SUM(B44+B53+B66) -> 25253 | C67: =A67-B67 -> 12128.22 | D67: Total Operating Expenses | E67: =E66+E53+E44 -> 376194 | F67: =SUM(F44+F53+F66) -> 350361 | G67: =E67-F67 -> 25833
A70: =A28-A67 -> 19419.55 | B70: =B28-B67 -> 17393 | C70: =C28-C67 -> 2026.55 | D70: Net Income | E70: -954.02 | F70: =SUM(F28-F67) -> 771 | G70: =SUM(E70-F70) -> -1725.02

Sheet 2018 P&L
B1: Jan | C1: Feb | D1: March | E1: April | F1: May | G1: June | H1: July | I1: Aug | J1: Sept | K1: Oct | L1: Nov | M1: Dec | N1: Total
A2: Chapter event revenue | B2: 0 | C2: 2978.43 | D2: 52138.17 | E2: 116496.59 | F2: 58401.29 | G2: 53126.3 | H2: 33571.37 | I2: 68126.99 | J2: 49300.59 | K2: 35864.34 | L2: 29998.8 | M2: 63144.51 | N2: =SUM(B2:M2) -> 563147.38
A3: State event revenue | B3: 387.93 | C3: 1420 | D3: 2010 | E3: 1142 | F3: 150 | G3: 4.92 | H3: 205 | I3: 3615.98 | J3: 525 | K3: 9470.56 | L3: 6596.98 | M3: 72036.35 | N3: =SUM(B3:M3) -> 97564.72
A4: Membership revenue | B4: 250 | C4: 650 | D4: 1635 | E4: 325 | F4: 375 | G4: 175 | H4: 400 | I4: 485 | J4: 175 | K4: 875 | L4: 735 | M4: 2275 | N4: =SUM(B4:M4) -> 8355
A5: Sponsor revenue | B5: 0 | C5: 0 | D5: 0 | E5: 0 | F5: 0 | G5: 0 | H5: 0 | I5: 0 | J5: 0 | K5: 0 | L5: 0 | M5: 0 | N5: =SUM(B5:M5) -> 0
A6: Restoration revenue | B6: 5106.42 | C6: 3685 | D6: 11135 | E6: 1020 | F6: 2722 | G6: 2722 | H6: 5662.07 | I6: 3897 | J6: 3710 | K6: 2395 | L6: 765 | M6: 3380 | N6: =SUM(B6:M6) -> 46199.49
A7: other grant revenue | B7: 1829.56 | C7: 1800 | D7: 0 | E7: 7020 | F7: 0 | G7: 1600 | H7: 3427.93 | I7: 17821.69 | J7: 328.77 | K7: 63804.96 | L7: 8710 | M7: 8455.1 | N7: =SUM(B7:M7) -> 114798.01
A8: Other | B8: 315.72 | C8: 684.92 | D8: 902.82 | E8: 757.05 | F8: 795.62 | G8: 174.75 | H8: 813.35 | I8: 182.95 | J8: 129.13 | K8: 5389.29 | L8: 749.87 | M8: 677.59 | N8: =SUM(B8:M8) -> 11573.06
N9: =SUM(B9:M9) -> 0
A10: Net Sales | B10: =SUM(B2:B9) -> 7889.63 | C10: =SUM(C2:C9) -> 11218.35 | D10: =SUM(D2:D9) -> 67820.99 | E10: =SUM(E2:E9) -> 126760.64 | F10: =SUM(F2:F9) -> 62443.91 | G10: =SUM(G2:G9) -> 57802.97 | H10: =SUM(H2:H9) -> 44079.72 | I10: =SUM(I2:I9) -> 94129.61 | ... M10: =SUM(M2:M9) -> 149968.55 | N10: =SUM(B10:M10) -> 841637.66
N11: =SUM(B11:M11) -> 0
A12: Standard Cost of Sales | N12: =SUM(B12:M12) -> 0
A13: COS-Chapter event revenue | B13: 9.53 | C13: 3139.89 | D13: 26310.52 | E13: 74180.54 | F13: 35728.09 | G13: 40305.49 | H13: 19941.28 | I13: 44335.11 | J13: 34386.81 | K13: 32805.07 | L13: 23095.42 | M13: 54723.41 | N13: =SUM(B13:M13) -> 388961.16
A14: COS-State event revenue | B14: 92.18 | C14: 0 | D14: 0 | E14: 135 | F14: 0 | G14: 0 | H14: 0 | I14: 0 | J14: 0 | K14: 0 | L14: 4485.98 | M14: 44260.76 | N14: =SUM(B14:M14) -> 48973.92
A15: COS-Other | B15: 0 | C15: 0 | D15: 0 | F15: 0 | G15: 0 | H15: 0 | I15: 0 | J15: 0 | K15: 0 | L15: 0 | M15: 0 | N15: =SUM(B15:M15) -> 0
N16: =SUM(B16:M16) -> 0
N17: =SUM(B17:M17) -> 0
N18: =SUM(B18:M18) -> 0
A19: Total Standard Cost of Sales | B19: =SUM(B13:B18) -> 101.71 | C19: =SUM(C13:C18) -> 3139.89 | D19: =SUM(D13:D18) -> 26310.52 | E19: =SUM(E13:E18) -> 74315.54 | F19: =SUM(F13:F18) -> 35728.09 | G19: =SUM(G13:G18) -> 40305.49 | H19: =SUM(H13:H18) -> 19941.28 | I19: =SUM(I13:I18) -> 44335.11 | ... M19: =SUM(M13:M18) -> 98984.17 | N19: =SUM(B19:M19) -> 437935.08
N20: =SUM(B20:M20) -> 0
A21: Gross Profit | B21: =B10-B19 -> 7787.92 | C21: =C10-C19 -> 8078.46 | D21: =D10-D19 -> 41510.47 | E21: =E10-E19 -> 52445.1 | F21: =F10-F19 -> 26715.82 | G21: =G10-G19 -> 17497.48 | H21: =H10-H19 -> 24138.44 | I21: =I10-I19 -> 49794.5 | ... M21: =M10-M19 -> 50984.38 | N21: =SUM(B21:M21) -> 403702.58
N22: =SUM(B22:M22) -> 0
A23: Operating Expenses | N23: =SUM(B23:M23) -> 0
A24: Development: | N24: =SUM(B24:M24) -> 0
A25: Wages | B25: 4458.62 | C25: 3703.22 | D25: 4257.42 | E25: 4510.76 | F25: 5569.87 | G25: 4775.81 | H25: 5120.95 | I25: 4495.91 | J25: 4523.8 | K25: 4817.76 | L25: 4324.14 | M25: 4419.14 | N25: =SUM(B25:M25) -> 54977.4
A26: Benefits | B26: 0 | C26: 0 | D26: 0 | E26: 0 | F26: 0 | G26: 0 | H26: 0 | I26: 0 | J26: 0 | K26: 0 | L26: 0 | M26: 0 | N26: =SUM(B26:M26) -> 0
A27: Travel | B27: 996.5 | C27: 1093.5 | D27: 1531.58 | E27: 1383.25 | F27: 1213.91 | G27: 731.5 | H27: 1343 | I27: 1225.45 | J27: 670 | K27: 759.85 | L27: 703 | M27: 580.75 | N27: =SUM(B27:M27) -> 12232.29
A28: Phone | B28: 208.24 | C28: 207.99 | D28: 207.81 | E28: 209.02 | F28: 135.17 | G28: 208.23 | H28: 208.01 | I28: 261.09 | J28: 199.2 | K28: 199.14 | L28: 167.29 | M28: 312.68 | N28: =SUM(B28:M28) -> 2523.87
A29: Event expenses | B29: 269.35 | C29: 784.7 | D29: 9658.11 | E29: 2146.62 | F29: 1698.47 | G29: 278.57 | H29: 524.88 | I29: 1462.21 | J29: 466.87 | K29: 249.5 | L29: 393.61 | M29: 1525.58 | N29: =SUM(B29:M29) -> 19458.47
A30: Postage & shipping | B30: 6.55 | C30: 245.38 | D30: 69.27 | E30: 658.52 | F30: 16.67 | G30: 23.45 | H30: 43.22 | I30: 30.87 | J30: 58.04 | K30: 191.03 | L30: 50 | M30: 58.21 | N30: =SUM(B30:M30) -> 1451.21
A31: Shows & meetings | B31: 0 | C31: 0 | D31: 0 | E31: 0 | F31: 0 | G31: 0 | H31: 0 | I31: 0 | J31: 0 | K31: 0 | L31: 0 | M31: 0 | N31: =SUM(B31:M31) -> 0
A32: Marketing | B32: 0 | C32: 0 | D32: 0 | E32: 0 | F32: 0 | G32: 0 | H32: 0 | I32: 0 | J32: 0 | K32: 0 | L32: 0 | M32: 0 | N32: =SUM(B32:M32) -> 0
A33: Magazine | B33: 0 | C33: 0 | D33: 0 | E33: 0 | F33: 0 | G33: 0 | H33: 0 | I33: 0 | J33: 0 | K33: 0 | L33: 0 | M33: 0 | N33: =SUM(B33:M33) -> 0
A34: Advertising | B34: 0 | C34: 126 | D34: 421.18 | E34: 500 | F34: 469.16 | G34: 411.98 | H34: 384.5 | I34: 664.49 | J34: 0 | K34: 102.37 | L34: 0 | M34: 0 | N34: =SUM(B34:M34) -> 3079.68
A35: Rent | B35: 397 | C35: 397 | D35: 427.67 | E35: 478.13 | F35: 397 | G35: 430 | H35: 397 | I35: 455.8 | J35: 427 | K35: 470 | L35: 427 | M35: 427 | N35: =SUM(B35:M35) -> 5130.6
A36: Other | B36: 0 | C36: 0 | D36: 25.19 | E36: 4 | F36: 71.99 | G36: 8.36 | H36: 0 | I36: 0 | J36: 69.48 | K36: 319 | L36: 0 | M36: 0 | N36: =SUM(B36:M36) -> 498.02
A37: Total | B37: =SUM(B25:B36) -> 6336.26 | C37: =SUM(C25:C36) -> 6557.79 | D37: =SUM(D25:D36) -> 16598.23 | E37: =SUM(E25:E36) -> 9890.3 | F37: =SUM(F25:F36) -> 9572.24 | G37: =SUM(G25:G36) -> 6867.9 | H37: =SUM(H25:H36) -> 8021.56 | I37: =SUM(I25:I36) -> 8595.82 | ... M37: =SUM(M25:M36) -> 7323.36 | N37: =SUM(B37:M37) -> 99351.54
N38: =SUM(B38:M38) -> 0
A39: Program Services: | N39: =SUM(B39:M39) -> 0
A40: Wages | B40: 5188.53 | C40: 5973.46 | D40: 5470.87 | E40: 4881.82 | F40: 3793.35 | G40: 4764.93 | H40: 4547.87 | I40: 5555.05 | J40: 4605.98 | K40: 2611.95 | L40: 1747.64 | M40: 1676.11 | N40: =SUM(B40:M40) -> 50817.56
A41: Travel | B41: 707.09 | C41: 1016.16 | D41: 1150.88 | E41: 872.4 | F41: 548.38 | G41: 334.75 | H41: 674.65 | I41: 990.87 | J41: 442 | K41: 186.5 | L41: 54 | M41: 0 | N41: =SUM(B41:M41) -> 6977.68
A42: Other | B42: 414.09 | C42: 471.46 | D42: 427.19 | E42: 2458.64 | F42: 365.69 | G42: 516.12 | H42: 394.51 | I42: 492.82 | J42: -488.43 | K42: 1886.16 | L42: 309.62 | M42: 833.22 | N42: =SUM(B42:M42) -> 8081.09
A43: HRP | B43: 5156.42 | C43: 4950 | D43: 8400 | E43: 5233 | F43: 4412 | G43: 4924 | H43: 7142.91 | I43: 6612.64 | J43: 6775 | K43: 8319.59 | L43: 3900 | M43: 4900 | N43: =SUM(B43:M43) -> 70725.56
A44: Other Grants | B44: 1829.56 | C44: 1851 | D44: 0 | E44: 717.01 | F44: 1087 | G44: 2125 | H44: 3427.93 | I44: 17821.69 | J44: 328.77 | K44: 61845.27 | L44: 8710 | M44: 8455.1 | N44: =SUM(B44:M44) -> 108198.33
A45: Education | B45: 1302.19 | C45: 2616.61 | D45: 2397.25 | E45: 384.95 | F45: 560 | G45: 753.95 | H45: 2148.95 | I45: 549.95 | J45: 756.78 | K45: 249.95 | L45: 60 | M45: 1515 | N45: =SUM(B45:M45) -> 13295.58
A46: Total | B46: =SUM(B40:B45) -> 14597.88 | C46: =SUM(C40:C45) -> 16878.69 | D46: =SUM(D40:D45) -> 17846.19 | E46: =SUM(E40:E45) -> 14547.82 | F46: =SUM(F40:F45) -> 10766.42 | G46: =SUM(G40:G45) -> 13418.75 | H46: =SUM(H40:H45) -> 18336.82 | I46: =SUM(I40:I45) -> 32023.02 | ... M46: =SUM(M40:M45) -> 17379.43 | N46: =SUM(B46:M46) -> 258095.8
N47: =SUM(B47:M47) -> 0
A48: Administration: | N48: =SUM(B48:M48) -> 0
A49: Wages | B49: 1773.8 | C49: 1744.61 | D49: 1692.95 | E49: 1997.19 | F49: 1987.16 | G49: 1792.73 | H49: 1657.15 | I49: 1275.61 | J49: 2196.79 | K49: 1888.63 | L49: 589.92 | M49: 566.48 | N49: =SUM(B49:M49) -> 19163.02
A50: Benefits | B50: 0 | C50: 0 | D50: 0 | E50: 0 | F50: 0 | G50: 0 | H50: 0 | I50: 0 | J50: 0 | K50: 0 | L50: 0 | M50: 0 | N50: =SUM(B50:M50) -> 0
A51: Travel | B51: 12 | C51: 12 | D51: 0 | E51: 6 | F51: 0 | G51: 0 | H51: 6 | I51: 44 | J51: 31 | K51: 0 | L51: 0 | M51: 0 | N51: =SUM(B51:M51) -> 111
A52: Phone | B52: 212.92 | C52: 130.23 | D52: 177.76 | E52: 183.25 | F52: 110.75 | G52: 141.78 | H52: 138.84 | I52: 187.16 | J52: 116.01 | K52: 116.86 | L52: 67.15 | M52: 129 | N52: =SUM(B52:M52) -> 1711.71
A53: Rent | B53: 0 | C53: 0 | D53: 30.67 | E53: 81.13 | F53: 0 | G53: 33 | H53: 0 | I53: 14.44 | J53: 0 | K53: 14.44 | L53: 0 | M53: 0 | N53: =SUM(B53:M53) -> 173.68
A54: Insurance | B54: 256.49 | C54: 256.49 | D54: 256.49 | E54: 256.49 | F54: 256.49 | G54: 256.49 | H54: 256.49 | I54: 256.49 | J54: 256.49 | K54: 256.49 | L54: 256.49 | M54: 256.49 | N54: =SUM(B54:M54) -> 3077.88
A55: Postage | B55: 0 | C55: 45.77 | D55: 4.8 | E55: 15.4 | F55: 21.56 | G55: 3.47 | H55: 16.67 | I55: 20.42 | J55: 33.34 | K55: 33 | L55: 0 | M55: 0 | N55: =SUM(B55:M55) -> 194.43
A56: Professional fees | B56: 0 | C56: 0 | D56: 0 | E56: 0 | F56: 1950 | G56: 2275 | H56: 0 | I56: 0 | J56: 250 | K56: 0 | L56: 0 | M56: 0 | N56: =SUM(B56:M56) -> 4475
A57: Supplies | B57: 121.75 | C57: 111.76 | D57: 48.51 | E57: 252.24 | F57: 323.28 | G57: 0 | H57: 57.87 | I57: 39.95 | J57: 22.5 | K57: 50.61 | L57: 0 | M57: 24.33 | N57: =SUM(B57:M57) -> 1052.8
A58: Other | B58: -946.86 | C58: 1071.58 | D58: 197.95 | E58: -850.35 | F58: -26.48 | G58: -378.44 | H58: 319.35 | I58: -63.4 | J58: 163.95 | K58: 915.21 | L58: 614.35 | M58: 960.73 | N58: =SUM(B58:M58) -> 1977.59
A59: Total | B59: =SUM(B49:B58) -> 1430.1 | C59: =SUM(C49:C58) -> 3372.44 | D59: =SUM(D49:D58) -> 2409.13 | E59: =SUM(E49:E58) -> 1941.35 | F59: =SUM(F49:F58) -> 4622.76 | G59: =SUM(G49:G58) -> 4124.03 | H59: =SUM(H49:H58) -> 2452.37 | I59: =SUM(I49:I58) -> 1774.67 | ... M59: =SUM(M49:M58) -> 1937.03 | N59: =SUM(B59:M59) -> 31937.11
A61: Total Operating Expenses | B61: =B59+B46+B37 -> 22364.24 | C61: =C59+C46+C37 -> 26808.92 | D61: =D59+D46+D37 -> 36853.55 | E61: =E59+E46+E37 -> 26379.47 | F61: =F59+F46+F37 -> 24961.42 | G61: =G59+G46+G37 -> 24410.68 | H61: =H59+H46+H37 -> 28810.75 | I61: =I59+I46+I37 -> 42393.51 | ... M61: =M59+M46+M37 -> 26639.82 | N61: =SUM(B61:M61) -> 389384.45
N62: =SUM(B62:M62) -> 0
N63: =SUM(B63:M63) -> 0
A64: Net Income | B64: =B21-B61 -> -14576.32 | C64: =C21-C61 -> -18730.46 | D64: =D21-D61 -> 4656.92 | E64: =E21-E61 -> 26065.63 | F64: =F21-F61 -> 1754.4 | G64: =G21-G61 -> -6913.2 | H64: =H21-H61 -> -4672.31 | I64: =I21-I61 -> 7400.99 | ... M64: =M21-M61 -> 24344.56 | N64: =SUM(N21-N61) -> 14318.13

Sheet 2017 P&L
A1: The Wisconsin Waterfowl Association
A2: Income Statement
A3: 43100
A6: Current Month | D6: 43100 | E6: Year-To-Date
A7: Actual | B7: Budget | C7: Variance | E7: Actual | F7: Budget | G7: Variance
D8: Gross Sales
A9: 76098.2 | B9: 32500 | C9: =A9-B9 -> 43598.2 | D9: Chapter event revenue | E9: 492603 | F9: 442500 | G9: =E9-F9 -> 50103
A10: 21471.25 | B10: 3000 | C10: =A10-B10 -> 18471.25 | D10: State event revenue | E10: 30908 | F10: 21040 | G10: =E10-F10 -> 9868
A11: 1025 | B11: 250 | C11: =A11-B11 -> 775 | D11: Membership revenue | E11: 8495 | F11: 5485 | G11: =E11-F11 -> 3010
A12: 0 | B12: 0 | C12: =A12-B12 -> 0 | D12: Sponsor revenue | E12: 6000 | F12: 6000 | G12: =E12-F12 -> 0
A13: 2860 | B13: 3900 | C13: =A13-B13 -> -1040 | D13: Restoration revenue | E13: 35791 | F13: 53200 | G13: =E13-F13 -> -17409
A14: 2500 | B14: 5700 | C14: =A14-B14 -> -3200 | D14: other grant revenue | E14: 82205 | F14: 83925 | G14: =E14-F14 -> -1720
A15: 500 | B15: 200 | C15: =A15-B15 -> 300 | D15: Other | E15: 9997 | F15: 2400 | G15: =E15-F15 -> 7597
A17: =SUM(A9:A16) -> 104454.45 | B17: =SUM(B9:B16) -> 45550 | C17: =SUM(C9:C16) -> 58904.45 | D17: Net Sales | E17: =SUM(E9:E16) -> 665999 | F17: =SUM(F9:F16) -> 614550 | G17: =SUM(G9:G16) -> 51449
D19: Standard Cost of Sales | J19: Total Contributions
A20: 59582.17 | B20: 19500 | C20: =SUM(A20-B20) -> 40082.17 | D20: COS-Chapter event revenue | E20: 328025 | F20: 265500 | G20: =SUM(E20-F20) -> 62525 | J20: =E28-E13-E14 -> 218866
A21: 0 | B21: 25 | C21: =SUM(A21-B21) -> -25 | D21: COS-State event revenue | E21: 1112 | F21: 300 | G21: =SUM(E21-F21) -> 812
A22: 0 | B22: 0 | C22: =SUM(A22-B22) -> 0 | D22: COS-Other | E22: 0 | F22: 0 | G22: =SUM(E22-F22) -> 0
A26: =SUM(A20:A25) -> 59582.17 | B26: =SUM(B20:B25) -> 19525 | C26: =SUM(C20:C25) -> 40057.17 | D26: Total Standard Cost of Sales | E26: =SUM(E20:E25) -> 329137 | F26: =SUM(F20:F25) -> 265800 | G26: =SUM(G20:G25) -> 63337
A28: =A17-A26 -> 44872.28 | B28: =B17-B26 -> 26025 | C28: =C17-C26 -> 18847.28 | D28: Gross Profit | E28: =E17-E26 -> 336862 | F28: =F17-F26 -> 348750 | G28: =G17-G26 -> -11888
D30: Operating Expenses
D31: Development:
A32: 4885.23 | B32: 4604 | C32: =SUM(A32-B32) -> 281.23 | D32: Wages | E32: 58580 | F32: 58565 | G32: =SUM(E32-F32) -> 15
A33: 0 | B33: 0 | C33: =SUM(A33-B33) -> 0 | D33: Benefits | E33: 0 | F33: 0 | G33: =SUM(E33-F33) -> 0
A34: 493.5 | B34: 1100 | C34: =SUM(A34-B34) -> -606.5 | D34: Travel | E34: 10733 | F34: 12683 | G34: =SUM(E34-F34) -> -1950
A35: 282.8 | B35: 225 | C35: =SUM(A35-B35) -> 57.8 | D35: Phone | E35: 2528 | F35: 2700 | G35: =SUM(E35-F35) -> -172
A36: 812.89 | B36: 450 | C36: =SUM(A36-B36) -> 362.89 | D36: Event expenses | E36: 17062 | F36: 17766 | G36: =SUM(E36-F36) -> -704
A37: 118.32 | B37: 50 | C37: =SUM(A37-B37) -> 68.32 | D37: Postage & shipping | E37: 548 | F37: 926 | G37: =SUM(E37-F37) -> -378
A38: 0 | B38: 0 | C38: =SUM(A38-B38) -> 0 | D38: Shows & meetings | E38: 62 | F38: 1030 | G38: =SUM(E38-F38) -> -968
A39: 0 | B39: 0 | C39: =SUM(A39-B39) -> 0 | D39: Marketing | E39: 0 | F39: 0 | G39: =SUM(E39-F39) -> 0
A40: 0 | B40: 0 | C40: =SUM(A40-B40) -> 0 | D40: Magazine | E40: 0 | F40: 0 | G40: =SUM(E40-F40) -> 0
A41: 49.92 | B41: 0 | C41: =SUM(A41-B41) -> 49.92 | D41: Advertising | E41: 1406 | F41: 0 | G41: =SUM(E41-F41) -> 1406
A42: 428.87 | B42: 400 | C42: =SUM(A42-B42) -> 28.87 | D42: Rent | E42: 4746 | F42: 4665 | G42: =SUM(E42-F42) -> 81
A43: 0 | B43: 0 | C43: =SUM(A43-B43) -> 0 | D43: Other | E43: 1096 | F43: 0 | G43: =SUM(E43-F43) -> 1096
A44: =SUM(A32:A43) -> 7071.53 | B44: =SUM(B32:B43) -> 6829 | C44: =SUM(C32:C43) -> 242.53 | D44: Total | E44: =SUM(E32:E43) -> 96761 | F44: =SUM(F32:F43) -> 98335 | G44: =SUM(G32:G43) -> -1574
D46: Program Services:
A47: 4769.08 | B47: 5100 | C47: =SUM(A47-B47) -> -330.92 | D47: Wages | E47: 63585 | F47: 61811 | G47: =SUM(E47-F47) -> 1774
A48: 696.77 | B48: 600 | C48: =SUM(A48-B48) -> 96.77 | D48: Travel | E48: 10055 | F48: 7858 | G48: =SUM(E48-F48) -> 2197
A49: 595.15 | B49: 450 | C49: =SUM(A49-B49) -> 145.15 | D49: Other | E49: 9178 | F49: 9478 | G49: =SUM(E49-F49) -> -300
A50: 5400 | B50: 3900 | C50: =SUM(A50-B50) -> 1500 | D50: HRP | E50: 56389 | F50: 53200 | G50: =SUM(E50-F50) -> 3189
A51: 0 | B51: 5700 | C51: =SUM(A51-B51) -> -5700 | D51: Other Grants | E51: 81472 | F51: 83925 | G51: =SUM(E51-F51) -> -2453
A52: 74.95 | B52: 150 | C52: =SUM(A52-B52) -> -75.05 | D52: Education | E52: 6175 | F52: 6090 | G52: =SUM(E52-F52) -> 85
A53: =SUM(A47:A52) -> 11535.95 | B53: =SUM(B47:B52) -> 15900 | C53: =SUM(C47:C52) -> -4364.05 | D53: Total | E53: =SUM(E47:E52) -> 226854 | F53: =SUM(F47:F52) -> 222362 | G53: =SUM(G47:G52) -> 4492
D55: Administration:
A56: 1672.27 | B56: 1800 | C56: =SUM(A56-B56) -> -127.73 | D56: Wages | E56: 18026 | F56: 17196 | G56: =SUM(E56-F56) -> 830
A57: 0 | B57: 0 | C57: =SUM(A57-B57) -> 0 | D57: Benefits | E57: 0 | F57: 0 | G57: =SUM(E57-F57) -> 0
A58: 6 | B58: 20 | C58: =SUM(A58-B58) -> -14 | D58: Travel | E58: 251 | F58: 325 | G58: =SUM(E58-F58) -> -74
A59: 183.69 | B59: 125 | C59: =SUM(A59-B59) -> 58.69 | D59: Phone | E59: 1687 | F59: 1500 | G59: =SUM(E59-F59) -> 187
A60: 31.87 | B60: 30 | C60: =SUM(A60-B60) -> 1.87 | D60: Rent | E60: 257 | F60: 260 | G60: =SUM(E60-F60) -> -3
A61: 256.49 | B61: 255 | C61: =SUM(A61-B61) -> 1.49 | D61: Insurance | E61: 3078 | F61: 3060 | G61: =SUM(E61-F61) -> 18
A62: 0 | B62: 20 | C62: =SUM(A62-B62) -> -20 | D62: Postage | E62: 111 | F62: 240 | G62: =SUM(E62-F62) -> -129
A63: 0 | B63: 0 | C63: =SUM(A63-B63) -> 0 | D63: Professional fees | E63: 4650 | F63: 4495 | G63: =SUM(E63-F63) -> 155
A64: 51.31 | B64: 25 | C64: =SUM(A64-B64) -> 26.31 | D64: Supplies | E64: 1110 | F64: 300 | G64: =SUM(E64-F64) -> 810
A65: -472.71 | B65: 0 | C65: =SUM(A65-B65) -> -472.71 | D65: Other | E65: -2379 | F65: 0 | G65: =SUM(E65-F65) -> -2379
A66: =SUM(A56:A65) -> 1728.92 | B66: =SUM(B56:B65) -> 2275 | C66: =SUM(C56:C65) -> -546.08 | D66: Total | E66: =SUM(E56:E65) -> 26791 | F66: =SUM(F56:F65) -> 27376 | G66: =SUM(E66-F66) -> -585
A67: =A66+A53+A44 -> 20336.4 | B67: =SUM(B44+B53+B66) -> 25004 | C67: =A67-B67 -> -4667.6 | D67: Total Operating Expenses | E67: =E66+E53+E44 -> 350406 | F67: =SUM(F44+F53+F66) -> 348073 | G67: =E67-F67 -> 2333
A70: =A28-A67 -> 24535.88 | B70: =B28-B67 -> 1021 | C70: =C28-C67 -> 23514.88 | D70: Net Income | E70: -11011.37 | F70: =SUM(F28-F67) -> 677 | G70: =SUM(E70-F70) -> -11688.37
